 Dungeon Crawl Stone Soup version 0.31-a0-955-gcb8bc90ed4 (webtiles) character file.

Game seed: 13206501937299921740

51 Morbidden the Conjurer (level 3, 0/25 HPs)
             Began as a Demonspawn Conjurer on Oct 22, 2023.
             Slain by a goblin
             ... wielding a +0 dagger of venom
              (3 damage)
             ... on level 2 of the Dungeon.
             The game lasted 00:01:22 (1633 turns).

Morbidden the Conjurer (Demonspawn Conjurer)        Turns: 1633, Time: 00:01:22

Health: 0/25       AC:  2    Str: 13    XL:     3   Next: 57%
Magic:  1/6        EV: 12    Int: 21    God:
Gold:   59         SH:  4    Dex: 11    Spells: 3/6 levels left

rFire   . . .        a - +0 dagger
rCold   . . .        (no shield)
rNeg    . . .        d - +0 robe
rPois   .            (no helmet)
rElec   .            (no cloak)
rCorr   .            (no gloves)
SInv    .            (no boots)
Will    .....        (no amulet)
Stlth   ++           h - +6 ring of strength
HPRegen 0.24/turn    (no ring)
MPRegen 0.10/turn

%: no passive effects
@: lethally poisoned (0 -> -1)
A: condensation shield
a: no special abilities


You were on level 2 of the Dungeon.
You visited 1 branch of the dungeon, and saw 2 of its levels.

You collected 59 gold pieces.

Inventory:

Hand Weapons
 a - a +0 dagger (weapon)
Armour
 d - a +0 robe (worn)
Jewellery
 h - a +6 ring of strength (left hand)
 i - an amulet of faith
Scrolls
 e - a scroll of identify {unknown}
 g - a scroll of teleportation {unknown}
 l - a scroll of revelation {unknown}
Potions
 b - a potion of magic
 j - a potion of ambrosia {unknown}
 k - a potion of enlightenment {unknown}
 m - a potion of might {unknown}
 n - a potion of heal wounds {unknown}


   Skills:
 * Level 0.8 Fighting
 * Level 2.1 Dodging
 + Level 1.7 Stealth
 + Level 0.1 Unarmed Combat
 * Level 2.4 Spellcasting
 * Level 4.7 Conjurations


You had 3 spell levels left.
You knew the following spells:

 Your Spells              Type           Power      Damage    Failure   Level
a - Magic Dart            Conj           88%        1d7       1%          1
b - Searing Ray           Conj           44%        2d6       3%          2

Your spell library contained the following spells:

 Spells                   Type           Power      Damage    Failure   Level
 Dazzling Flash           Conj/Hex       24%        N/A       16%         3
 Scorch                   Fire           4%         2d5       22%         2
 Flame Wave               Conj/Fire      12%        2d6       47%         4
 Fulminant Prism          Conj/Hex       6%         3d7       47%         4
 Iskenderun's Mystic Bla  Conj/Tloc      12%        2d5       47%         4
 Summon Cactus Giant      Summ           1%         N/A       100%        6


Dungeon Overview and Level Annotations

Branches:
Dungeon (2/15)

Altars:

Shops:
D:1 :


Innate Abilities, Weirdness & Mutations

A meltable shield of frost defends you. (SH +4)


Message History

The goblin shouts!
You hit the goblin but do no damage.
You hear a shout!
You block the goblin's attack.
Unknown command.
You hit the goblin.
The goblin is almost dead.
The goblin hits you with a +0 dagger of venom.
You are poisoned.
You closely miss the goblin.
The goblin is almost dead.
* * * LOW HITPOINT WARNING * * *
You feel sick. The goblin barely misses you.
Unknown command.
Unknown command.
It was a potion of lignification.
You turn into a tree.
Your +0 robe melds into your body.
Your roots penetrate the ground.
You feel sick. The goblin hits you but does no damage.
Unknown command.
Unknown command.
Unknown command.
Unknown command.
You closely miss the goblin.
The goblin is almost dead.
You feel sick. The goblin hits you but does no damage.
Unknown command.
Unknown command.
Okay, then.
You closely miss the goblin.
The goblin is almost dead.
You feel sick. The goblin barely misses you.
Unknown command.
Okay, then.
It was a potion of cancellation.
Your magical effects are unravelling.
You feel magically purged.
You feel less wooden.
Your +0 robe unmelds from your body.
You feel sick.
The goblin hits you with a +0 dagger of venom.
You die...

.. ..#.##.# .. ##...##.#
#. #.. .!#.#.##.# #.
.... ..?#.#.##.#
#.##...#†. #...##.##
##.#.. #.####.......####
#.....#.#..†............
#...##g##......####.####
#...#.#@.......## #.# #
###. #.##.).......# #.#
# ...#)#...........# #.#
# #.###...#.......# #.#
# #.....#.##....#####.#
# #..#.##.##..........#
#
####....##...........###
# ........#######.####.#
# ................# #.#
#


You could see a goblin.

Vanquished Creatures
  A gnoll (D:1)
  A worm (D:2)
  4 bats
  8 endoplasms
  2 giant cockroaches (D:1)
  4 goblins
  4 hobgoblins
  2 quokkas
  3 frilled lizards
  4 kobolds
  A rat (D:2)
34 creatures vanquished.

Notes
Turn   | Place    | Note
-------+----------+-------------------------------------------
     0 | D:1      | Morbidden the Demonspawn Conjurer began the quest for the
                  | Orb.
     0 | D:1      | Reached XP level 1. HP: 13/13 MP: 3/3
    27 | D:1      | Found Voarchuc's Book Shoppe.
   341 | D:1      | Gained mutation: A meltable shield of frost defends you.
                  | (SH +4) [demonic ancestry]
   341 | D:1      | Reached XP level 2. HP: 20/20 MP: 3/5
   875 | D:1      | Reached XP level 3. HP: 25/25 MP: 1/6
  1358 | D:2      | Learned a level 2 spell: Searing Ray
  1633 | D:2      | Slain by a goblin

Illustrated notes

Levels and vault maps discovered:
D:1:      saegor_arrival_simple_c, layout_loops_corners, serial_shops, shop
D:2:      layout_loops_ring, minmay_vboxes

Skill      XL: |  1  2 |
---------------+-------+-----
Dodging        | 2 |  2.1
Fighting       | |  0.8
Stealth        | |  1.7
Unarmed Combat | |  0.1
Spellcasting   | |  2.4
Conjurations   | |  4.7

Action                     || total
---------------------------++-------
  Melee: Unarmed           ||    28
         Dagger            ||    17
   Cast: Magic Dart        ||    77
    Use: Potion            ||     2
 Armour: Robe              ||    21
         Skin              ||     2
  Dodge: Dodged            ||    33
  Block: Other             ||     3

Table legend: (Time is in decaauts)
 A = Elapsed time spent in this place.
 B = Non-inter-level travel time spent in this place.
 C = Inter-level travel time spent in this place.
 D = Time resting spent in this place.
 E = Time spent auto-exploring this place.
 F = Levels seen in this place.
 G = Mean time per level.
                   A        B        C        D        E       F      G
               +--------+--------+--------+--------+--------+-----+--------+
         Total |   1631 |   1592 |     39 |      3 |   1393 |   2 |  815.5 |
       Dungeon |   1631 |   1592 |     39 |      3 |   1393 |   2 |  815.5 |
               +--------+--------+--------+--------+--------+-----+--------+

Top non-repeatable levels by time:
     D:1: 1280 daAuts
     D:2: 351 daAuts
